AoeStats
← Capt_Obv

Four Lakes

509390903Analyzed
1v1 RM · 4d ago on Sep 26, 2026· 52m 20s· 2 players
Game mode
Random Map
Map size
Tiny (2 player)
Population
200
Speed
Normal
Resources
Standard
Victory
Conquest
Starting age
Dark Age
Ending age
Imperial Age
RankedLock teamsTeams togetherTeam positionsShared explorationLock speedFull tech treeHidden civsTurbo modeCheats
Victory
Defeat
🇺🇸 Cumans · United States
215
+11
🇺🇸 Celts · United States
103
-11
Capt_Obv
13:22 Feudal Age
20:50 Castle Age
18:38 Loom
19:00 Scale Mail Armor
18:42 Man-at-Arms
20:21 Arson
20:28 Double-Bit Axe
21:00 Forging
21:20 Fletching
22:02 Long Swordsman
24:15 Gambesons
23:51 Pikeman
25:44 Iron Casting
31:00 Wheelbarrow
30:12 Town Watch
34:55 Stronghold
37:42 Imperial Age
37:02 Chain Mail Armor
39:16 Elite Woad Raider
41:44 Furor Celtica
42:50 Husbandry
44:49 Two-Handed Swordsman
48:24 Halberdier
49:34 Hand Cart
BigMamasCatHaus
10:14 Feudal Age
8:30 Loom
10:53 Town Watch
11:04 Double-Bit Axe
14:07 Horse Collar
17:34 Stone Mining
17:35 Gold Mining
18:28 Wheelbarrow
27:43 Castle Age
29:16 Hand Cart
30:30 Town Patrol
32:39 Gold Shaft Mining
33:36 Bow Saw
34:41 Steppe Husbandry
37:26 Imperial Age
37:31 Bloodlines
37:53 Scale Barding Armor
44:20 Elite Kipchak
49:38 Elite Steppe Lancer
51:53 Onager
Connection lost

Rejoining the realm…

Still unreachable

The connection could not be restored.

Session expired

The server has moved on; the page needs a fresh start.